 Dungeon Crawl Stone Soup version 0.20.0-10-g0535bb4 (webtiles) character file.

4196 MTVSty1e the Cleaver (level 10, -7/84 HPs)
             Began as a Formicid Fighter on June 3, 2017.
             Was a Believer of Okawaru.
             Mangled by Gastronok (17 damage)
             ... on level 8 of the Dungeon.
             The game lasted 00:13:06 (7191 turns).

MTVSty1e the Cleaver (Formicid Fighter)             Turns: 7191, Time: 00:13:08

Health: -7/84      AC: 12    Str: 29    XL:     10   Next: 54%
Magic:  10/10      EV:  8    Int:  8    God:    Okawaru [**....]
Gold:   407        SH: 10    Dex: 10    Spells: 9/9 levels left

rFire    . . .     SeeInvis +   C - +0 war axe (chop)
rCold    + . .     Gourm    .   c - +0 shield
rNeg     . . .     Faith    .   b - +0 scale mail
rPois    .         Spirit   .   (helmet unavailable)
rElec    .         Reflect  .   o - +1 cloak
rCorr    .         Harm     .   n - +0 pair of gloves
MR       +....                  (no boots)
Stlth    ..........             f - amulet of regeneration
Regen    0.7/turn               h - +2 ring of protection
MPRegen  0.2/turn               E - ring of protection from cold

@: mighty
A: permanent stasis, dig shafts and tunnels, four strong arms, antennae 3
a: Dig, Shaft Self, Heroism, Renounce Religion


You were on level 8 of the Dungeon.
You worshipped Okawaru.
Okawaru was pleased with you.
You were not hungry.

You visited 2 branches of the dungeon, and saw 9 of its levels.

You collected 407 gold pieces.

Inventory:

Hand Weapons
 a - a +1 war axe
 C - a +0 war axe of chopping (weapon)
 H - a +2 scimitar of holy wrath
Armour
 b - a +0 scale mail (worn)
 c - a +0 shield (worn)
 n - a +0 pair of gloves (worn)
 o - a +1 cloak (worn)
Jewellery
 f - an amulet of regeneration (around neck)
 h - a +2 ring of protection (left hand)
 B - an uncursed ring of wizardry
 E - a ring of protection from cold (right hand)
 G - an uncursed ring of stealth {unknown}
Wands
 y - a wand of paralysis (15/24)
 D - a wand of paralysis (8/24)
 F - a wand of acid (9/15)
Scrolls
 d - 2 scrolls of remove curse
 e - 4 scrolls of teleportation
 p - 2 scrolls of magic mapping
 q - 3 scrolls of amnesia
 u - 6 scrolls of enchant weapon
Potions
 g - 4 potions of mutation
 i - 3 potions of curing
 j - 2 potions of flight
 m - a potion of berserk rage {unknown}
 r - a potion of haste
 t - a potion of agility
 v - 2 potions of invisibility
 w - a potion of lignification
 x - a potion of cancellation {unknown}
 z - a potion of brilliance {unknown}
Comestibles
 k - a bread ration
 l - 3 meat rations
 s - 3 royal jellies


   Skills:
 + Level 9.7 Fighting
 * Level 12.0 Axes
 - Level 3.2 Armour
 - Level 3.6 Shields


You had 9 spell levels left.
You didn't know any spells.

Dungeon Overview and Level Annotations

Branches:
Dungeon (8/15)             Temple (1/1) D:6
   Lair: D:8-11

Altars:
Dithmenos
Elyvilon
Fedhas
Hepliaklqana
Kikubaaqudgha
Makhleb
Okawaru
Qazlal
Ru
Xom

Shops:
D:7 :

Annotations:
D:8 Gastronok


Innate Abilities, Weirdness & Mutations

You cannot be hasted, slowed, berserked, paralysed or teleported.
You can dig through walls and to a lower floor.
Your four strong arms can wield two-handed weapons with a shield.
You have a pair of large antennae on your head. (SInv)


Message History

* * * LOW HITPOINT WARNING * * *
You slice Gastronok!!
Gastronok is moderately wounded.
You slash Gastronok!
Gastronok is heavily wounded.
Gastronok bites you!!
* * * LOW HITPOINT WARNING * * *
It was a potion of haste.
Your stasis prevents you from being hasted.
You slash Gastronok!
Gastronok is heavily wounded.
Gastronok mumbles some strange words.
You slash Gastronok!
Gastronok is heavily wounded.
Your shield prevents you from hitting the rat.
The rat bites you but does no damage.
Your shield and scale mail prevent you from hitting Gastronok.
Gastronok is heavily wounded.
You closely miss the rat. Gastronok bites you!
You die...

#.#####..##.##.#
#.#####..##.##.#
##...........##.#
##.#.####..#####..
#.###.........####
#<.############
#.#.......
#.#.#.##.. #@#.#
.. #...wr.# #..
####...# . #...#
#(..# >..## ##.. {
.#


You could see Gastronok and a rat.

Vanquished Creatures
  A two-headed ogre (D:8)
  Pikel (D:5)
  The ghost of Alarkh the Cleaver, a novice DsMo (D:4)
  Sigmund (D:6)
  4 yaks (D:7)
  Eustachio (D:5)
  Duvessa (D:7)
  An orc warrior (D:4)
  A slave (D:5)
  A black bear (D:8)
  A centaur (D:6)
  An eye of draining (D:7)
  2 ogres (D:4)
  A phantom (D:5)
  2 bullfrogs (D:7)
  Dowan (D:7)
  A killer bee (D:7)
  A jelly (D:6)
  3 orc priests
  Crazy Yiuf (D:3)
  5 hounds
  8 orc wizards
  Jessica (D:3)
  2 iguanas
  4 worker ants
  A hound skeleton (D:4)
  Robin (D:2)
  4 gnolls (D:3)
  4 adders
  2 oozes (D:4)
  An adder skeleton (D:6)
  3 worms
  A dart slug (D:3)
  3 leopard geckos
  24 orcs
  6 bats
  3 giant cockroaches
  24 goblins
  13 hobgoblins
  12 jackals
  6 kobolds
  4 quokkas
  5 ball pythons
  6 frilled lizards
  2 leopard gecko skeletons
  A leopard gecko zombie (D:5)
  5 rats
  2 plants (D:1)
180 creatures vanquished.

Vanquished Creatures (others)
  Grinder (D:5)
1 creature vanquished.

Grand Total: 181 creatures vanquished

Notes
Turn   | Place    | Note
-------+----------+-------------------------------------------
     0 | D:1      | MTVSty1e the Formicid Fighter began the quest for the Orb.
     0 | D:1      | Reached XP level 1. HP: 18/18 MP: 1/1
   178 | D:1      | Reached XP level 2. HP: 24/24 MP: 2/2
   463 | D:1      | Reached XP level 3. HP: 30/30 MP: 3/3
   934 | D:2      | Reached skill level 3 in Axes
  1037 | D:2      | Noticed Robin
  1051 | D:2      | Reached XP level 4. HP: 17/37 MP: 4/4
  1061 | D:2      | Killed Robin
  1757 | D:3      | Reached skill level 4 in Axes
  1757 | D:3      | Reached XP level 5. HP: 42/43 MP: 5/5
  1952 | D:3      | Noticed Jessica
  1958 | D:3      | Killed Jessica
  1958 | D:3      | Reached XP level 6. HP: 36/49 MP: 6/6
  2286 | D:3      | Found a runed door.
  2543 | D:3      | Reached skill level 5 in Axes
  2560 | D:3      | Reached skill level 5 in Fighting
  2584 | D:3      | Noticed Crazy Yiuf
  2588 | D:3      | Killed Crazy Yiuf
  2808 | D:4      | Noticed Alarkh's ghost (novice DsMo)
  2824 | D:4      | Killed Alarkh's ghost
  2824 | D:4      | Reached skill level 6 in Axes
  2824 | D:4      | Reached XP level 7. HP: 33/58 MP: 7/7
  2903 | D:4      | Reached skill level 7 in Axes
  2903 | D:4      | Reached XP level 8. HP: 44/64 MP: 8/8
  3505 | D:4      | Reached skill level 8 in Axes
  4267 | D:5      | Entered Level 5 of the Dungeon
  4280 | D:5      | Noticed Eustachio
  4299 | D:5      | Killed Eustachio
  4299 | D:5      | Reached XP level 9. HP: 72/72 MP: 9/9
  4438 | D:5      | Noticed Pikel
  4470 | D:5      | Killed Pikel
  4470 | D:5      | Reached skill level 9 in Axes
  4498 | D:5      | Killed Grinder
  4786 | D:5      | Found a blossoming altar of Fedhas.
  5197 | D:6      | Noticed Sigmund
  5214 | D:6      | Killed Sigmund
  5214 | D:6      | Reached skill level 10 in Axes
  5620 | D:6      | Found a staircase to the Ecumenical Temple.
  5647 | Temple   | Entered the Ecumenical Temple
  5710 | Temple   | Became a worshipper of Warmaster Okawaru
  5932 | D:7      | Reached * piety under Okawaru
  5932 | D:7      | Reached XP level 10. HP: 31/82 MP: 10/10
  6370 | D:7      | Found Ystetola's Book Shoppe.
  6469 | D:7      | Reached skill level 11 in Axes
  6761 | D:7      | Noticed Duvessa
  6761 | D:7      | Noticed Dowan
  6772 | D:7      | Killed Duvessa
  6782 | D:7      | Killed Dowan
  7172 | D:8      | Noticed a two-headed ogre
  7178 | D:8      | Noticed Gastronok
  7181 | D:8      | Killed a two-headed ogre
  7181 | D:8      | Reached ** piety under Okawaru
  7181 | D:8      | Reached skill level 12 in Axes
  7191 | D:8      | Mangled by Gastronok

Skill      XL: |  1  2  3  4  5  6  7  8  9 10 |
---------------+-------------------------------+-----
Fighting       | 4 6 7 8 9 |  9.7
Axes           | 3 4 6 7 8 10 12 | 12.0
Armour         | |  3.2
Shields        | |  3.6

Action                   |  1- 3 |  4- 6 |  7- 9 | 10-12 || total
-------------------------+-------+-------+-------+-------++-------
Melee: War axe           |   134 |   126 |   210 |    92 ||   562
  Use: Scroll            |       |     7 |     6 |     5 ||    18
       Potion            |       |     1 |     1 |     2 ||     4
  Eat: Chunk             |       |     5 |     5 |       ||    10
       Bread ration      |       |     1 |     1 |     1 ||     3
       Fruit             |       |       |     1 |       ||     1
Armor: Scale mail        |    68 |    52 |    77 |    30 ||   227
Dodge: Dodged            |    41 |    30 |    59 |    21 ||   151
Block: Shield            |    62 |    60 |    92 |    34 ||   248
